 Dungeon Crawl Stone Soup version 0.31.0-12-g77e489cdc1 (webtiles) character file.

Game seed: 14025070210297598991

59 ChrisAssaf the Twirler (level 4, 0/4 HPs)
             Began as a Human Gladiator on Feb 28, 2024.
             Slain by an orc
             ... wielding a +0 short sword
              (4 damage)
             ... on level 4 of the Dungeon.
             The game lasted 00:05:27 (1711 turns).

ChrisAssaf the Twirler (Human Gladiator)            Turns: 1711, Time: 00:05:27

Health: 0/4        AC:  1    Str: 24    XL:     4   Next: 3%
Magic:  4/4        EV:  9    Int: 10    God:
Gold:   93         SH:  0    Dex: 15    Spells: 3/3 levels left

rFire   + + .        a - melded +0 quarterstaff
rCold   x . .        (shield currently unavailable)
rNeg    . . .        b - melded +0 leather armour
rPois   +            c - melded +0 helmet
rElec   .            (cloak currently unavailable)
rCorr   .            (gloves currently unavailable)
SInv    .            (boots currently unavailable)
Will    .....        (no amulet)
Stlth   ++           (no ring)
HPRegen 0.20/turn    (no ring)
MPRegen 0.09/turn

%: no passive effects
@: dragon-form, flying
A: dragon claw, dragon scales, breathe fire, flying, reduced hp, giant, explore
regen
a: Breathe Fire, Begin Untransformation


You were on level 4 of the Dungeon.
You were a fearsome dragon!
You visited 1 branch of the dungeon, and saw 4 of its levels.

You collected 93 gold pieces.

Inventory:

Hand Weapons
 a - a +0 quarterstaff (melded)
Missiles
 d - 4 throwing nets
 f - 6 atropa-tipped darts (quivered)
Armour
 b - a +0 leather armour (melded)
 c - a +0 helmet (melded)
Talismans
 h - a dragon-blood talisman (active)
Scrolls
 e - a scroll of immolation
Potions
 g - a potion of cancellation


   Skills:
 * Level 2.2 Fighting
 * Level 3.6 Staves
 * Level 2.2 Throwing
 * Level 1.2 Armour
 * Level 3.4 Dodging
 * Level 0.7 Stealth


You had 3 spell levels left.
You didn't know any spells.
Your spell library contained the following spells:

 Spells                   Type           Power      Damage    Failure   Level
 Sublimation of Blood     Necr           0%         N/A       50%         2
 Petrify                  Alch/Erth      0%         N/A       98%         4
 Irradiate                Conj/Alch      0%         3d11      100%        5


Dungeon Overview and Level Annotations

Branches:
Dungeon (4/15)
 Temple: D:4-7

Altars:
Wu Jian


Innate Abilities, Weirdness & Mutations

You are a fearsome dragon!
You have a powerful clawing attack.
Your giant scaled body is strong and resilient, but less evasive.
You can breathe fire.
You are flying.
Your maximum health is decreased, since you lack skill for your form.
Your armour is entirely melded.
You are incapable of wielding weapons or throwing items.
You regain HP and MP as you explore.


Message History

h - a dragon-blood talisman You begin transforming.
You continue transforming. x3
You turn into a fearsome dragon!
Your +0 quarterstaff melds into your body.
Your +0 helmet melds into your body.
Your +0 leather armour melds into your body.
HP restored.
There is a stone staircase leading down here.
You fly downwards.
There is a stone staircase leading up here. 2 orc priests come into view.
Found a book of Conjurations.
There is a stone staircase leading up here.
An endoplasm comes into view.
Found 10 gold pieces.
Aiming: Breathe Fire (1% risk of failure)
Press: ? - help, Shift-Dir - straight line, f - endoplasm
Aim: an endoplasm (asleep, 100% to hit)
You breathe a blast of fire.
The fiery breath hits the endoplasm!
You kill the endoplasm!
Unknown command.
You now have 93 gold pieces (gained 10).
Found a stone staircase leading down and a stone staircase leading up.
You have got your breath back.
Found an escape hatch in the ceiling.
There is an escape hatch in the ceiling here.
Found a stone staircase leading up.
Found 5 gold pieces.
An orc comes into view. It is wielding a +0 short sword.
The orc shouts!
A kobold comes into view. It is wielding a +0 dagger.
A quokka comes into view.
An adder comes into view.
Found a stone staircase leading down.
The adder hisses angrily.
The kobold shouts!
The orc barely misses you. The orc attacks as it pursues you!
The orc hits you with a +0 short sword.
Ouch! That really hurt!
You die...

.>..... ....... ........
....... ....... ...#... ...
.......##...$... ..
#....K.....r.## #..
#..............< ... ###..
#......S.......#..#
#....###..##.o...........
#....#......D.#.......###.
##.............#..##.......
#..............#...#.....#
###........#............##.
##.....###.........##....
##...## #.....#..##.....
#.... #######....# ..
##..## ##...## ...... ####
#...####. #...


You could see an adder, an orc, a quokka and a kobold.

Vanquished Creatures
  2 adders
  A dart slug (D:2)
  A ribbon worm (D:3)
  2 endoplasms
  3 giant cockroaches
  8 goblins
  3 hobgoblins
  A kobold (D:2)
  A quokka (D:2)
  2 ball pythons
  3 bats
  A frilled lizard (D:3)
  7 rats
35 creatures vanquished.

Notes
Turn   | Place    | Note
-------+----------+-------------------------------------------
     0 | D:1      | ChrisAssaf the Human Gladiator began the quest for the Orb.
     0 | D:1      | Reached XP level 1. HP: 16/16 MP: 1/1
   290 | D:1      | Reached XP level 2. HP: 18/22 MP: 2/2
   304 | D:1      | You fall into a shaft and drop 1 floor!
   349 | D:2      | Found an ornate altar of the Wu Jian Council.
   548 | D:2      | Reached skill level 1 in Armour
   548 | D:2      | Reached XP level 3. HP: 27/27 MP: 3/3
  1412 | D:3      | Reached XP level 4. HP: 33/33 MP: 4/4
  1711 | D:4      | Slain by an orc

Illustrated notes

Levels and vault maps discovered:
D:1:      evilmike_arrival_plus, layout_basic,
          dreamdust_ecumenical_altar_hidden_monk_grotto,
          amcnicky_mini_corridor_feature
D:2:      layout_loops_ring, basic_altar, minmay_misc_feat_alley
D:3:      minmay_inner_zag, layout_basic, grunt_ministairs_5
D:4:      layout_cave_pools, uniq_eustachio

Skill      XL: |  1  2 |
---------------+-------+-----
Armour         | 1 |  1.2
Fighting       | |  2.2
Staves         | |  3.6
Throwing       | |  2.2
Dodging        | |  3.4
Stealth        | |  0.7

Action                     |  1- 3 |  4- 6 || total
---------------------------+-------+-------++-------
  Melee: Quarterstaff      |    64 |       ||    64
  Throw: Javelin           |    14 |       ||    14
         Dart              |     2 |       ||     2
Ability: Breathe Fire      |       |     1 ||     1
    Use: Scroll            |     4 |       ||     4
 Armour: Leather armour    |    50 |       ||    50
         Skin              |       |     1 ||     1
  Dodge: Dodged            |    52 |     1 ||    53
   Form: Dragon            |       |     1 ||     1
